 Dungeon Crawl Stone Soup version 0.19-a0-1899-g2d93087 (webtiles) character file.

134218 dobroeutro the Crack Shot (level 16, -28/136 HPs)
             Began as a Centaur Hunter on Oct 20, 2016.
             Was the Champion of Okawaru.
             Shot with a bolt by a naga sharpshooter (32 damage)
             ... on level 4 of the Snake Pit.
             The game lasted 00:54:13 (30334 turns).

dobroeutro the Crack Shot (Centaur Hunter)         Turns: 30334, Time: 00:54:15

Health: -28/136    AC: 18    Str: 18      XL:     16   Next: 61%
Magic:  17/17      EV: 20    Int:  9 (11) God:    Okawaru [******]
Gold:   2170       SH:  0    Dex: 21      Spells: 0 memorised, 15 levels left

rFire  + . .     SeeInvis .     O - +9 longbow of Offence {freeze, MR+ Dex+8 Stlth-}
rCold  . . .     Gourm    .     p - +3 leather armour {rF+}
rNeg   . . .     Faith    .     (shield currently unavailable)
rPois  +         Spirit   .     (helmet restricted)
rElec  .         Reflect  .     g - +0 cloak {+Inv}
rCorr  .         Harm     .     i - +0 pair of gloves
MR     +++..                    T - +0 centaur barding "Qabaih" {+Blink MR+}
Stlth  +.........               (no amulet)
                                v - +6 ring of evasion
                                F - ring of poison resistance

@: lethally poisoned (-28 -> -31), constricted, very quick
A: hooves 3, horns 1, repulsion field 1, blurry vision 1, deformed body,
deterioration 1, speed 2, frail 1, tough skin 3
a: Heroism, Finesse, Renounce Religion, Evoke Blink, Evoke Invisibility


You were on level 4 of the Snake Pit.
You worshipped Okawaru.
Okawaru was exalted by your worship.
You were not hungry.

You visited 5 branches of the dungeon, and saw 26 of its levels.
You also visited: Sewer and Bailey.

You collected 2579 gold pieces.
You spent 409 gold pieces at shops.

Inventory:

Hand Weapons
 m - a +5 shortbow of venom
 C - a +0 rapier
 J - a +8 longbow
 O - the +9 longbow of Offence (weapon) {freeze, MR+ Dex+8 Stlth-}
   (Okawaru gifted it to you on level 11 of the Dungeon)

   It causes projectiles fired from it to freeze those they strike, causing
   extra injury to most foes and up to half again as much damage against
   particularly susceptible opponents.
   They can also slow down cold-blooded creatures.
   It affects your dexterity (+8).
   It affects your resistance to hostile enchantments.
   It makes you less stealthy.
Missiles
 d - 407 arrows (quivered)
Armour
 c - +0 fire dragon scales
 g - a +0 cloak of invisibility (worn)
 i - a +0 pair of gloves (worn)
 p - a +3 leather armour of fire resistance (worn)
 s - a +1 cloak
 u - a +0 helmet
 T - the +0 centaur barding "Qabaih" (worn) {+Blink MR+}
   (You found it on level 6 of the Lair of Beasts)

   It affects your resistance to hostile enchantments.
   It lets you blink.
Jewellery
 v - a +6 ring of evasion (right hand)
 w - an uncursed ring of resist corrosion
 F - a ring of poison resistance (left hand)
 H - an uncursed ring of protection from magic
 K - an uncursed ring of protection from magic
Wands
 t - a wand of heal wounds (0/9)
 N - a wand of digging (16/24)
 Q - a wand of teleportation (5/9)
 W - a wand of heal wounds (6/9)
Scrolls
 a - 4 scrolls of identify
 e - 13 scrolls of remove curse
 k - 3 scrolls of immolation
 l - 9 scrolls of teleportation
 r - 3 scrolls of recharging
 y - a scroll of holy word {unknown}
 z - a scroll of brand weapon
 A - a scroll of enchant weapon
 D - a scroll of blinking
 G - 3 scrolls of magic mapping
 I - a scroll of fear
 M - 2 scrolls of enchant armour
 V - 3 scrolls of fog
Potions
 b - 3 potions of haste
 j - 4 potions of heal wounds
 q - 4 potions of flight
 x - 3 potions of might
 B - a potion of brilliance
 E - 3 potions of cure mutation {unknown}
 L - 9 potions of curing
 P - 2 potions of degeneration {unknown}
 R - 2 potions of resistance {unknown}
 Z - 2 potions of ambrosia {unknown}
Comestibles
 f - 5 bread rations
 h - 20 fruits
 n - 11 meat rations
 o - 12 beef jerkies
 S - 2 slices of pizza
 U - a royal jelly


   Skills:
 + Level 16.5 Fighting
 + Level 21.2 Bows
 - Level 12.0 Armour
 - Level 9.0 Dodging
 + Level 1.6 Stealth
 + Level 2.1 Invocations
 + Level 2.0 Evocations


You had 15 spell levels left.
You didn't know any spells.

Dungeon Overview and Level Annotations

Branches:
Dungeon (13/15)            Temple (1/1) D:7            Lair (6/6) D:10
 Shoals (0/4) Lair:3        Snake (4/4) Lair:3        Slime (0/5) Lair:6
    Orc (2/2) D:10            Elf (0/3) Orc:2
 Vaults: D:13-14

Altars:
Ashenzari
Dithmenos
Elyvilon
Fedhas
Gozag
Hepliaklqana
Kikubaaqudgha
Makhleb
Nemelex Xobeh
Okawaru
Qazlal
Ru
Sif Muna
Trog
Uskayaw
Xom
Yredelemnul
The Shining One
Jiyva

Shops:
D:5 (   Orc:2 (:[*

Annotations:
Orc:1 1 exclusion


Innate Abilities, Weirdness & Mutations

You have hooves in place of feet.
Armour fits poorly on your strangely shaped body.
You cover ground very quickly.
You have extremely tough skin. (AC +3)
You have a pair of small horns on your head.
You are surrounded by a mild repulsion field. (EV +2)
Scrolls take you a little longer to read.
Your body sometimes deteriorates upon taking damage.
You are frail. (-10% HP)


Message History

The nagaraja constricts you.
The nagaraja gestures wildly while chanting.
The guardian serpent gestures with its tail.
The nagaraja spits poison at you. The splash of poison hits you! You resist.
You begin reading the scroll.
You continue reading the scroll.
The guardian serpent casts a spell.
The guardian serpent hits you but does no damage.
The guardian serpent closely misses you.
The shock serpent completely misses you.
The nagaraja hits you with a spear!!
* * * LOW HITPOINT WARNING * * *
x2 The nagaraja constricts you.
The nagaraja hits you but does no damage.
The naga sharpshooter unwields an uncursed long sword.
The naga sharpshooter wields an uncursed arbalest.
The naga sharpshooter casts a spell.
The naga sharpshooter magically shoots a bolt.
The bolt hits you!!
You die...

...... .. .#...
.. ##...# #. .
....... #..
.NN#. ..## .
..N .....
....###S#......
#..SSS@SS.#
.....NNNS...N..
.....SNN.......
....#...#......
N.. ...........
.. .........(.#
# .(..... ..##.
###.....####


You could see 5 nagarajas, a naga sharpshooter, a shock serpent, 5 guardian
serpents, 2 black mambas, a naga mage and 3 nagas.

Vanquished Creatures
  Rupert (Orc:2)
  3 nagarajas
  An orc warlord (Orc:2)
  The ghost of vev the Grappler, a journeyman DrTm of Ru (D:12)
  A stone giant (Orc:1)
  An ettin (Orc:2)
  Josephine (D:10)
  11 naga warriors
  5 hydras
  4 anacondas
  4 catoblepae
  A centaur warrior (D:10)
  The ghost of WLBjork the Basher, a novice MiFi of the Shining One (Lair:1)
  Erica (D:10)
  18 death yaks
  6 shock serpents
  2 naga sharpshooters (Snake:2)
  4 orc high priests
  An unseen horror (D:10)
  3 hill giants
  6 naga ritualists
  5 orc knights
  3 orc sorcerers (Orc:2)
  6 ugly things
  A wolf spider (Lair:2)
  9 salamanders
  A cyclops (D:11)
  7 mana vipers
  A manticore (Lair:3)
  A guardian serpent (Snake:2)
  9 naga magi
  18 elephants
  28 black mambas
  10 spiny frogs
  Psyche (D:11)
  9 komodo dragons
  2 rime drakes
  3 hornets
  A troll (D:12)
  6 two-headed ogres
  A polar bear (Lair:3)
  14 blink frogs
  6 slime creatures (D:12)
  4 hippogriffs
  5 wraiths (D:10)
  2 wyverns (D:9)
  Eustachio (D:5)
  34 yaks
  6 basilisks
  Grum (D:9)
  2 steam dragons
  2 hungry ghosts
  4 wargs
  23 nagas
  Edmund (D:5)
  Duvessa (D:6)
  15 water moccasins
  4 porcupines
  37 orc warriors
  A hornet zombie (D:9)
  An ice beast (D:10)
  7 ogres
  3 phantoms
  11 wolves
  9 centaurs
  15 crocodiles
  20 bullfrogs
  5 big kobolds
  Dowan (D:6)
  A wyvern skeleton (D:10)
  4 scorpions
  12 killer bees
  3 howler monkeys (D:7)
  An electric eel (Lair:6)
  5 crimson imps
  A bullfrog zombie (D:12)
  4 centaur zombies
  13 orc priests
  A jelly (D:9)
  29 orc wizards
  A centaur skeleton (D:7)
  7 hounds
  An iguana (D:7)
  Ijyb (D:3)
  6 bullfrog skeletons
  Natasha (thrice) (D:3 D:2)
  12 worker ants
  3 hound skeletons
  A worker ant zombie (D:7)
  Robin (D:2)
  16 gnolls
  24 adders
  3 shadow imps
  An ooze (D:1)
  An adder skeleton (D:7)
  3 worms
  A dart slug (D:1)
  14 leopard geckos
  99 orcs
  3 ball pythons (Sewer)
  12 giant cockroaches
  50 goblins
  32 hobgoblins
  2 jackals (D:2)
  9 quokkas
  9 bats
  6 frilled lizards
  19 kobolds
  10 rats
857 creatures vanquished.

Vanquished Creatures (others)
  A troll (D:9)
  A water elemental (D:12)
  An electric eel (D:12)
  An adder (D:9)
  4 jackals (D:9)
  A goblin (D:4)
  A bush (Lair:2)
  8 fungi
  22 plants
40 creatures vanquished.

Grand Total: 897 creatures vanquished

Notes
Turn   | Place    | Note
-------+----------+-------------------------------------------
     0 | D:1      | dobroeutro the Centaur Hunter began the quest for the Orb.
     0 | D:1      | Reached XP level 1. HP: 17/17 MP: 1/1
   331 | D:1      | Reached XP level 2. HP: 24/25 MP: 2/2
   547 | D:1      | Reached skill level 6 in Bows
   771 | D:1      | Reached XP level 3. HP: 25/30 MP: 3/3
   873 | D:2      | Noticed Robin
  1587 | D:2      | Reached XP level 4. HP: 20/38 MP: 4/4
  1787 | D:2      | Killed Robin
  1787 | D:2      | Reached skill level 7 in Bows
  2419 | D:3      | Noticed Natasha
  2431 | D:3      | Killed Natasha
  2431 | D:3      | Reached XP level 5. HP: 20/46 MP: 5/5
  2586 | D:3      | Noticed Natasha
  2605 | D:3      | Killed Natasha
  2883 | D:3      | Noticed Ijyb
  3250 | D:3      | Noticed Natasha
  3570 | D:2      | Killed Natasha
  3791 | D:3      | Found a stormy altar of Qazlal.
  3822 | D:3      | Reached skill level 8 in Bows
  3892 | D:3      | Killed Ijyb
  3892 | D:3      | Reached XP level 6. HP: 45/53 MP: 6/6
  4135 | D:4      | Found a shattered altar of Ashenzari.
  4200 | D:3      | HP: 2/53 [poisoned by a scorpion]
  4575 | D:4      | Found a basalt altar of Yredelemnul.
  4910 | D:4      | Reached skill level 5 in Fighting
  5172 | D:4      | Reached skill level 9 in Bows
  5235 | D:4      | Reached XP level 7. HP: 35/61 MP: 7/7
  6367 | D:4      | Found a sacrificial altar of Ru.
  7097 | D:4      | Reached skill level 10 in Bows
  7313 | D:4      | Reached XP level 8. HP: 20/71 MP: 8/8
  7938 | D:5      | Entered Level 5 of the Dungeon
  8021 | D:5      | Found Ylodwir's Antique Weapon Shoppe.
  8090 | D:5      | Bought a runed shortbow for 189 gold pieces
  8144 | D:5      | Noticed Edmund
  8151 | D:5      | Killed Edmund
  8151 | D:5      | Reached skill level 11 in Bows
  8295 | D:5      | Noticed Eustachio
  8360 | D:5      | Killed Eustachio
  8686 | D:6      | Noticed Duvessa
  8690 | D:6      | Noticed Dowan
  8698 | D:6      | Killed Duvessa
  8704 | D:6      | Killed Dowan
  8725 | D:6      | Found a glowing drain.
  8749 | Sewer    | Entered a sewer
  9544 | D:6      | Reached skill level 12 in Bows
  9555 | D:6      | Reached XP level 9. HP: 29/82 MP: 9/9
 10029 | D:7      | Found a staircase to the Ecumenical Temple.
 10033 | Temple   | Entered the Ecumenical Temple
 10111 | Temple   | Became a worshipper of Warmaster Okawaru
 10392 | D:7      | Found a shimmering altar of Xom.
 10393 | D:7      | Found a hazy altar of Hepliaklqana.
 10394 | D:7      | Noticed a spectral ugly thing
 10428 | D:7      | Reached * piety under Okawaru
 10428 | D:7      | Reached skill level 13 in Bows
 10980 | D:8      | Reached skill level 10 in Fighting
 11002 | D:8      | Reached ** piety under Okawaru
 11193 | D:8      | Found a sparkling altar of Nemelex Xobeh.
 11274 | D:8      | Reached XP level 10. HP: 93/93 MP: 10/10
 11822 | D:9      | Noticed a gargoyle
 11855 | D:7      | Reached skill level 14 in Bows
 12298 | D:9      | Noticed Grum
 12313 | D:9      | Killed Grum
 12584 | D:10     | Entered Level 10 of the Dungeon
 12622 | D:10     | Found a staircase to the Orcish Mines.
 12656 | D:10     | Found a flagged portal.
 12696 | Bailey   | Entered a bailey
 12747 | Bailey   | Reached *** piety under Okawaru
 13259 | Bailey   | Reached skill level 15 in Bows
 13269 | Bailey   | Noticed an orc knight
 13400 | Bailey   | Killed an orc knight
 13715 | D:10     | Noticed Erica
 14137 | D:10     | Killed Erica
 14137 | D:10     | Received a gift from Okawaru
 14162 | D:10     | Reached XP level 11. HP: 104/104 MP: 11/11
 14175 | D:10     | Found a staircase to the Lair.
 14333 | D:10     | Noticed Josephine
 14334 | D:10     | Reached **** piety under Okawaru
 14340 | D:10     | Killed Josephine
 14340 | D:10     | Reached skill level 16 in Bows
 14380 | D:10     | Noticed a centaur warrior
 14385 | D:10     | Killed a centaur warrior
 14821 | D:10     | Reached ***** piety under Okawaru
 15112 | D:11     | Got an ancient leather armour
 15123 | D:11     | Identified the +1 leather armour of Midsummer {*Contam MR+ Dex+3} (You found it on level 11 of the Dungeon)
 15191 | D:11     | Noticed a purple ugly thing
 15200 | D:11     | Killed a purple ugly thing
 15200 | D:11     | Reached skill level 1 in Armour
 15205 | D:11     | Gained mutation: Scrolls take you a little longer to read. [mutagenic glow]
 15276 | D:11     | Received a gift from Okawaru
 15372 | D:11     | Noticed a purple ugly thing
 15377 | D:11     | Noticed a brown ugly thing
 15388 | D:11     | Killed a white ugly thing
 15388 | D:11     | Received a gift from Okawaru
 15395 | D:11     | Killed a purple ugly thing
 15395 | D:11     | Reached skill level 17 in Bows
 15427 | D:11     | Identified the Collected Works on Lethal Envenoming
 15433 | D:11     | Noticed a hill giant
 15444 | D:11     | Killed a hill giant
 15472 | D:11     | Noticed a hill giant
 15877 | D:10     | Killed an unseen horror
 16045 | D:11     | Killed a hill giant
 16045 | D:11     | Received a gift from Okawaru
 16048 | D:11     | Got a scorched longbow {god gift}
 16049 | D:11     | Identified the +9 longbow of Offence {freeze, MR+ Dex+8 Stlth-} (Okawaru gifted it to you on level 11 of the Dungeon)
 16071 | D:11     | Reached XP level 12. HP: 84/115 MP: 12/12
 16375 | D:11     | Noticed Psyche
 16379 | D:11     | Killed Psyche
 16563 | D:11     | Reached skill level 5 in Armour
 16626 | D:11     | Gained mutation: You have a pair of small horns on your head. [mutagenic meat]
 16640 | D:11     | Reached XP level 13. HP: 71/122 MP: 13/13
 16643 | D:11     | Gained mutation: You are frail. (-10% HP) [potion of mutation]
 16643 | D:11     | Gained mutation: You are surrounded by a mild repulsion field. (EV +2) [potion of mutation]
 16643 | D:11     | Gained mutation: Scrolls take you longer to read. [potion of mutation]
 16871 | D:12     | Noticed vev's ghost (journeyman DrTm)
 16903 | D:12     | Killed vev's ghost
 17034 | D:12     | Received a gift from Okawaru
 17143 | D:12     | Reached skill level 18 in Bows
 17483 | Lair:1   | Entered Level 1 of the Lair of Beasts
 17881 | Lair:1   | Noticed WLBjork's ghost (novice MiFi)
 17890 | Lair:1   | Killed WLBjork's ghost
 18671 | Lair:2   | Received a gift from Okawaru
 19041 | Lair:2   | Received a gift from Okawaru
 19160 | Lair:3   | Reached ****** piety under Okawaru
 19172 | Lair:3   | Reached skill level 10 in Armour
 19561 | Lair:3   | Received a gift from Okawaru
 19577 | Lair:3   | Found a staircase to the Snake Pit.
 19589 | Lair:3   | Reached skill level 5 in Dodging
 19635 | Lair:3   | Reached XP level 14. HP: 118/118 MP: 14/14
 19700 | Lair:3   | Received a gift from Okawaru
 19849 | Lair:3   | Found a staircase to the Shoals.
 19867 | Lair:3   | Received a gift from Okawaru
 20034 | Lair:3   | Reached skill level 19 in Bows
 20164 | Lair:3   | Identified a scroll of acquirement
 20409 | Lair:4   | Received a gift from Okawaru
 21947 | Lair:6   | Entered Level 6 of the Lair of Beasts
 22011 | Lair:6   | Received a gift from Okawaru
 22054 | Lair:6   | Found a staircase to the Slime Pits.
 22056 | Lair:6   | Found a viscous altar of Jiyva.
 22368 | Lair:6   | Reached skill level 15 in Fighting
 22420 | Lair:6   | Received a gift from Okawaru
 22519 | Lair:6   | Received a gift from Okawaru
 22583 | Lair:6   | Reached XP level 15. HP: 96/126 MP: 15/15
 23469 | Lair:6   | Got an encrusted centaur barding
 23475 | Lair:6   | Identified the +0 centaur barding "Qabaih" {+Blink MR+} (You found it on level 6 of the Lair of Beasts)
 24108 | Orc:1    | Entered Level 1 of the Orcish Mines
 24199 | Orc:1    | Received a gift from Okawaru
 24466 | Orc:2    | Entered Level 2 of the Orcish Mines
 24489 | Orc:2    | Received a gift from Okawaru
 24701 | Orc:2    | Found a staircase to the Elven Halls.
 24907 | Orc:2    | Reached skill level 20 in Bows
 25423 | Orc:2    | Noticed an orc warlord
 25451 | Orc:2    | Killed an orc warlord
 25570 | Orc:2    | Noticed Rupert
 25579 | Orc:2    | Killed Rupert
 25579 | Orc:2    | Received a gift from Okawaru
 25588 | Orc:2    | Found Lauwof's General Store.
 25590 | Orc:2    | Found Jirud's Book Emporium.
 25592 | Orc:2    | Found Xoxomnoj's Antique Armour Emporium.
 25592 | Orc:2    | Found Kuatyt's Antique Weapon Shoppe.
 25597 | Orc:2    | Bought a glowing cloak for 220 gold pieces
 26260 | Snake:1  | Entered Level 1 of the Snake Pit
 26334 | Snake:1  | Received a gift from Okawaru
 26424 | Snake:1  | Received a gift from Okawaru
 26461 | Snake:1  | Got a twisted centaur barding {god gift}
 26472 | Snake:1  | Identified the -6 centaur barding "Opsourua" {rCorr} (Okawaru gifted it to you on level 1 of the Snake Pit)
 26564 | Snake:1  | Lost mutation: Scrolls take you longer to read. [potion of mutation]
 26564 | Snake:1  | Gained mutation: Your body sometimes deteriorates upon taking damage. [potion of mutation]
 26842 | Snake:1  | Noticed a nagaraja
 26846 | Snake:1  | Killed a nagaraja
 27288 | Snake:2  | Reached XP level 16. HP: 118/135 MP: 16/16
 29344 | Snake:2  | Reached skill level 21 in Bows
 29451 | Snake:2  | Received a gift from Okawaru
 29672 | Snake:3  | Received a gift from Okawaru
 29759 | Snake:3  | Reached skill level 1 in Stealth
 29769 | Snake:3  | Reached skill level 1 in Evocations
 29774 | Snake:3  | Received a gift from Okawaru
 29774 | Snake:3  | Reached skill level 1 in Invocations
 30322 | Snake:4  | Entered Level 4 of the Snake Pit
 30328 | Snake:4  | HP: 6/136 [guardian serpent (9)]
 30334 | Snake:4  | HP: 4/136 [nagaraja/spear (4)]
 30334 | Snake:4  | Shot with a bolt by a naga sharpshooter

Vault maps used:
D:1:      dpeg_arrival_windows_large_door
D:2:      uniq_robin
D:3:      grunt_ministairs_7, nicolae_qazlal_eye_of_the_storm, uniq_natasha,
          uniq_iyjb
D:4:      minmay_goblin_kobold_castle, kennysheep_mini, lemuel_crystal_altar,
          serial_glass, glass_columns_c, glass_columns_b,
          minmay_strange_pillars, item_on_display_a, evilmike_ruin_ashenzari
D:5:      serial_shops, shop, serial_curves, eino_curves_02, eino_curves_02,
          first_bread, uniq_edmund, uniq_eustachio
D:6:      nicolae_overflow_hidden_temple, gup_sewer_entry_pipe, uniq_duvessa
D:7:      regret_index_temple_of_mockery
D:8:      grunt_ogre_cave, nemelex_diamond_rough_becter
D:9:      kennysheep_big_flooded_room, kennysheep_doodads,
          lemuel_flamethrower_hall, uniq_grum
D:10:     david_lair_shrubbed, orc_0_dummy, enter_bailey_3, uniq_erica,
          uniq_josephine
D:11:     uniq_psyche
D:12:     lemuel_freeze_loot_1
D:13:     serial_column_ruins, column_ruins_grid_1,
          column_ruins_columns_straight, column_ruins_columns_straight,
          einodemon_barbed_minivault
Temple:   regret_index_temple_sphere_string
Lair:1:   beast_lair_carwin_large_2, serial_bayou_shore_a
Lair:2:   minmay_lair_venomous_thicket
Lair:3:   minmay_shoals_entry_beasts, guppyfry_snake_entry_garden
Lair:5:   grunt_forest_small_clearings
Lair:6:   evilmike_catoblepas_cave, slime_altar_1, kennysheep_basilisk_garden,
          infiniplex_staircase_pool
Snake:3:  grunt_ministairs_6, serial_bayou_pond_d, stair_cage_line
Snake:4:  snake_hunt, grunt_megastairs_3
Orc:1:    nicolae_orc_accident_3
Orc:2:    st_orc_congregation, uniq_rupert
Sewer:    sewer_frog_island_01
Bailey:   bailey_polearm_2, bailey

Skill      XL: |  1  2  3  4  5  6  7  8  9 10 11 12 13 14 15 16 |
---------------+-------------------------------------------------+-----
Bows           | 6 7 8 9 10 12 13 15 17 18 19 20 21 | 21.2
Fighting       | 3 4 5 6 8 10 11 13 14 15 16 | 16.5
Armour         | 4 8 10 11 12 | 12.0
Dodging        | 4 5 7 8 9 |  9.0
Stealth        | 1 |  1.6
Evocations     | 2 |  2.0
Invocations    | 2 |  2.1

Action                   |  1- 3 |  4- 6 |  7- 9 | 10-12 | 13-15 | 16-18 || total
-------------------------+-------+-------+-------+-------+-------+-------++-------
Melee: Short sword       |   183 |   346 |   425 |       |       |       ||   954
       Kick              |    31 |    91 |   106 |     2 |       |       ||   230
       Shortbow          |       |       |       |     4 |       |       ||     4
       Rapier            |       |       |       |     2 |       |       ||     2
 Fire: Shortbow          |     7 |    48 |   378 |   484 |       |       ||   917
       Longbow           |       |       |       |    44 |  1218 |   275 ||  1537
Invok: Heroism           |       |       |       |     1 |     1 |       ||     2
Evoke: Wand              |       |       |       |       |     3 |    12 ||    15
  Use: Potion            |       |     4 |       |     2 |     2 |       ||     8
       Scroll            |       |       |     9 |     8 |     6 |     4 ||    27
  Eat: Chunk             |     1 |    11 |    12 |     7 |     2 |       ||    33
       Bread ration      |       |       |     1 |     2 |     5 |     2 ||    10
Armor: Leather armour    |    81 |   166 |   305 |    37 |    69 |    37 ||   695
Dodge: Dodged            |   117 |   213 |   388 |   110 |   260 |   124 ||  1212
